 Dungeon Crawl Stone Soup version 0.20.0-10-g0535bb4 (webtiles) character file.

4211 Manul the Covert (level 10, 0/69 HPs)
             Began as an Octopode Assassin on June 5, 2017.
             Was an Initiate of Gozag.
             Slain by a gnoll sergeant
             ... wielding a +5 trident of distortion
              (15 damage)
             ... on level 9 of the Dungeon.
             The game lasted 00:08:49 (9658 turns).

Manul the Covert (Octopode Assassin)                Turns: 9658, Time: 00:08:51

Health: 0/69       AC:  8    Str: 11      XL:     10   Next: 29%
Magic:  11/11      EV: 17    Int: 10 (12) God:    Gozag
Gold:   1086       SH:  0    Dex: 16      Spells: 9/9 levels left

rFire    + + .     SeeInvis .   c - +1 falchion (drain)
rCold    x . .     Gourm    .   (no shield)
rNeg     + . .     Faith    .   (helmet restricted)
rPois    +         Spirit   .   (no amulet)
rElec    .         Reflect  .   t - ring of fire
rCorr    .         Harm     .   C - ring of poison resistance
MR       .....                  E - ring of positive energy
Stlth    +++++++...             z - +5 ring of protection
Regen    0.3/turn               J - ring of protection from fire
MPRegen  0.2/turn               (no ring)
                                (no ring)
                                (no ring)

@: about to teleport, gold aura
A: almost no armour, stealthy swim, amphibious, 8 rings, constrict 8, beak, icy
blue scales 1, camouflage 1, dopey 1, high mp 1, gelatinous body 1
a: Potion Petition, Call Merchant, Bribe Branch, Renounce Religion


You were on level 9 of the Dungeon.
You worshipped Gozag.
Gozag was most pleased with you.
You were near starving.

You visited 2 branches of the dungeon, and saw 10 of its levels.

You collected 1142 gold pieces.
You paid 56 gold pieces to Gozag.

Inventory:

Hand Weapons
 a - a +2 dagger
 b - a +0 blowgun
 c - a +1 falchion of draining (weapon)
 y - a +1 dagger of holy wrath
 F - a +1 war axe of electrocution
Missiles
 d - 2 curare-tipped needles
 g - 23 poisoned needles
Jewellery
 t - a ring of fire (left tentacle)
 z - a +5 ring of protection (on tentacle)
 C - a ring of poison resistance (right tentacle)
 E - a ring of positive energy (on tentacle)
 J - a ring of protection from fire (on tentacle)
Wands
 v - a wand of random effects (12/48)
 x - a wand of disintegration (10/24)
 A - a wand of acid (6/15)
Scrolls
 e - 3 scrolls of enchant armour
 h - 5 scrolls of teleportation
 m - 2 scrolls of noise {unknown}
 n - 3 scrolls of remove curse
 r - 2 scrolls of amnesia
 s - 7 scrolls of identify
 u - 4 scrolls of magic mapping {unknown}
 w - a scroll of recharging {unknown}
 D - a scroll of immolation {unknown}
Potions
 f - 2 potions of flight {unknown}
 i - a potion of might {unknown}
 j - 2 potions of mutation
 o - 5 potions of curing
 p - a potion of brilliance
 B - a potion of haste
 G - 2 potions of magic
 H - a potion of invisibility {unknown}
Books
 I - a book of Beasts

   Spells                             Type                      Level
   a - Summon Butterflies             Summoning                    1
   b - Call Canine Familiar           Summoning                    3
   c - Summon Ice Beast               Ice/Summoning                4
   d - Summon Mana Viper              Hexes/Summoning              5
   e - Summon Hydra                   Summoning                    7
Comestibles
 k - a fruit
 l - 4 royal jellies
 q - 4 meat rations


   Skills:
 + Level 6.4 Fighting
 + Level 3.4(4.6) Short Blades
 - Level 4.8(5.3) Long Blades
 - Level 1.4 Axes
 + Level 2.2 Throwing
 + Level 6.1 Dodging
 + Level 14.4 Stealth
 + Level 0.7 Evocations


You had 9 spell levels left.
You didn't know any spells.

Dungeon Overview and Level Annotations

Branches:
Dungeon (9/15)             Temple (1/1) D:4            Lair (0/6) D:9
    Orc: D:9-12

Altars:
Ashenzari
Cheibriados
Dithmenos
Elyvilon
Fedhas
Gozag
Hepliaklqana
Kikubaaqudgha
Makhleb
Nemelex Xobeh
Okawaru
Qazlal
Ru
Sif Muna
Trog
Uskayaw
Vehumet
Xom
Yredelemnul
Zin
The Shining One

Annotations:
D:5 1 runed door
D:6 Kriby's ghost, novice HOFi


Innate Abilities, Weirdness & Mutations

You cannot wear most types of armour.
You are very stealthy in the water. (Stealth+)
You are amphibious.
You can wear up to eight rings at the same time.
You can use your tentacles to constrict eight enemies at once.
Your skin changes colour to match your surroundings (Stealth+).
Your rubbery body absorbs attacks. (AC +1, EV +1)
You have a beak for a mouth.
You are partially covered in icy blue scales. (AC +2)
You are dopey. (Int -2)
You have an increased reservoir of magic. (+10% MP)


Message History

The centaur is almost dead.
You are near starving!
The centaur closely misses you.
The gnoll sergeant hits you from afar with a trident of distortion!
Space warps horribly around you!
The centaur is distracted by the nearby gold.
You hit the centaur but do no damage. You drain the centaur!
The centaur is no longer distracted by gold.
The centaur is almost dead.
The centaur misses you. The gnoll sergeant closely misses you.
You hit the centaur.
You kill the centaur!
The gnoll sergeant misses you.
As you read the scroll of teleportation, it crumbles to dust.
You feel strangely unstable.
The gnoll sergeant hits you from afar with a trident of distortion!
* * * LOW HITPOINT WARNING * * *
Space warps horribly around you!
You die...
Your body crumbles into a pile of gold.

#.# #.# #.. ####'##### #.#
#.. #........# ######.###
##.# #(.......# #........#
#.#. #........# #........#
#.#.
#........####.....(..#####.#.
#.....g.(gg.#.....[......#.#≈
#........##(#........###.#.#.
#........##$@........# #...#.
#######'#####........# ###.#.
..# ####.##### #>.# #### #.#
##.. ..# .. #.## .. .#


You could see a gnoll sergeant and a gnoll.

Vanquished Creatures
  A two-headed ogre (D:9)
  A hippogriff (D:9)
  A hungry ghost (D:9)
  2 water moccasins
  Duvessa (D:6)
  An ice beast (D:5)
  2 phantoms
  An orc warrior (D:7)
  An eye of draining (D:7)
  6 ogres
  6 centaurs
  3 bullfrogs
  Dowan (D:6)
  4 scorpions
  A water moccasin skeleton (D:6)
  2 howler monkeys
  5 crimson imps
  5 hounds
  A jelly (D:7)
  3 orc wizards (D:8)
  Jessica (D:2)
  2 iguanas
  Terence (D:2)
  9 worker ants
  A hound zombie (D:8)
  A howler monkey skeleton (D:4)
  3 gnolls
  5 adders
  2 shadow imps
  2 oozes
  2 worms (D:2)
  5 dart slugs
  4 leopard geckos
  18 orcs
  6 bats
  9 giant cockroaches
  5 goblins
  5 hobgoblins
  8 jackals
  5 kobolds
  2 quokkas
  A ball python (D:3)
  6 frilled lizards
  2 quokka skeletons
  A quokka zombie (D:6)
  10 rats
164 creatures vanquished.

Notes
Turn   | Place    | Note
-------+----------+-------------------------------------------
     0 | D:1      | Manul the Octopode Assassin began the quest for the Orb.
     0 | D:1      | Reached XP level 1. HP: 14/14 MP: 1/1
    43 | D:1      | Reached XP level 2. HP: 10/19 MP: 2/2
   858 | D:1      | Reached skill level 6 in Stealth
   867 | D:1      | Reached XP level 3. HP: 21/24 MP: 3/3
  1124 | D:2      | Noticed Jessica
  1135 | D:2      | Killed Jessica
  1162 | D:2      | Reached XP level 4. HP: 26/29 MP: 4/4
  1183 | D:2      | Noticed Terence
  1277 | D:2      | Killed Terence
  1754 | D:2      | Reached skill level 7 in Stealth
  1863 | D:2      | Reached XP level 5. HP: 31/35 MP: 5/5
  2000 | D:2      | Reached skill level 1 in Long Blades
  2473 | D:3      | Found a blossoming altar of Fedhas.
  2898 | D:4      | Found a bloodstained altar of Trog.
  2899 | D:4      | Found a shadowy altar of Dithmenos.
  2899 | D:4      | Found a deep blue altar of Sif Muna.
  2899 | D:4      | Found a sparkling altar of Nemelex Xobeh.
  2900 | D:4      | Found a sacrificial altar of Ru.
  2900 | D:4      | Found an iron altar of Okawaru.
  2900 | D:4      | Found a radiant altar of Vehumet.
  2981 | D:4      | Reached XP level 6. HP: 36/41 MP: 6/6
  3226 | D:4      | Found a staircase to the Ecumenical Temple.
  3312 | Temple   | Entered the Ecumenical Temple
  3323 | Temple   | Became a worshipper of Gozag Ym Sagoz the Greedy
  3681 | D:4      | Reached skill level 8 in Stealth
  3792 | D:5      | Entered Level 5 of the Dungeon
  3885 | D:5      | Noticed a water moccasin
  3886 | D:5      | Found a runed door.
  3895 | D:5      | Killed a water moccasin
  3895 | D:5      | Reached skill level 9 in Stealth
  3895 | D:5      | Reached XP level 7. HP: 37/45 MP: 7/7
  4001 | D:5      | Found a runed door.
  5089 | D:6      | Reached XP level 8. HP: 35/52 MP: 8/8
  5091 | D:6      | Noticed Kriby's ghost (novice HOFi)
  5093 | D:6      | Reached skill level 10 in Stealth
  5353 | D:6      | Found a burning altar of Makhleb.
  5543 | D:6      | Gained mutation: You have a beak for a mouth. [potion of mutation]
  5543 | D:6      | Gained mutation: You are partially covered in icy blue scales. (AC +2) [potion of mutation]
  5543 | D:6      | Gained mutation: You are dopey. (Int -2) [potion of mutation]
  5543 | D:6      | Gained mutation: You have an increased reservoir of magic. (+10% MP) [potion of mutation]
  6027 | D:7      | Noticed Duvessa
  6028 | D:7      | Noticed Dowan
  6088 | D:6      | Killed Duvessa
  6088 | D:6      | Reached skill level 11 in Stealth
  6090 | D:6      | HP: 1/54 [Dowan/stone arrow (10)]
  6094 | D:6      | Killed Dowan
  6475 | D:7      | Reached XP level 9. HP: 56/60 MP: 8/10
  6583 | D:7      | Reached skill level 5 in Fighting
  6710 | D:7      | Reached skill level 12 in Stealth
  7223 | D:7      | Found a shattered altar of Ashenzari.
  7317 | D:7      | Reached skill level 1 in Axes
  8090 | D:8      | Found a glowing silver altar of Zin.
  8181 | D:8      | Reached skill level 13 in Stealth
  8309 | D:8      | Reached skill level 5 in Dodging
  9143 | D:9      | Noticed a two-headed ogre
  9168 | D:9      | Killed a two-headed ogre
  9168 | D:9      | Reached skill level 14 in Stealth
  9168 | D:9      | Reached XP level 10. HP: 29/68 MP: 11/11
  9598 | D:9      | Found a staircase to the Lair.
  9658 | D:9      | Slain by a gnoll sergeant

Skill      XL: |  1  2  3  4  5  6  7  8  9 10 |
---------------+-------------------------------+-----
Stealth        | 6 7 9 11 14 | 14.4
Short Blades   | 3 |  3.4
Long Blades    | 2 3 4 |  4.8
Dodging        | 2 4 5 6 |  6.1
Fighting       | 3 4 6 |  6.4
Axes           | 1 |  1.4
Throwing       | |  2.2
Evocations     | |  0.7

Action                   |  1- 3 |  4- 6 |  7- 9 | 10-12 || total
-------------------------+-------+-------+-------+-------++-------
Melee: Dagger            |    46 |    28 |       |       ||    74
       Constrict         |    10 |    32 |    51 |     4 ||    97
       Tentacles         |     6 |    17 |    65 |     6 ||    94
       Falchion          |       |    95 |   233 |    38 ||   366
       Peck              |       |       |    50 |     5 ||    55
       War axe           |       |       |    39 |       ||    39
 Fire: Blowgun           |       |    10 |       |       ||    10
Evoke: Wand              |       |       |     3 |       ||     3
  Use: Potion            |       |     3 |     5 |       ||     8
       Scroll            |       |       |     9 |     1 ||    10
 Stab: Sleeping          |     9 |    18 |    27 |     1 ||    55
       Distracted        |       |       |     2 |       ||     2
  Eat: Chunk             |     1 |     6 |       |       ||     7
       Bread ration      |       |     1 |     3 |       ||     4
       Meat ration       |       |       |       |     1 ||     1
       Royal jelly       |       |       |       |     1 ||     1
       Fruit             |       |       |       |     1 ||     1
Armor: Skin              |     9 |    17 |    38 |    14 ||    78
Dodge: Dodged            |    24 |    75 |   185 |    51 ||   335
       Rpst.: Falchion   |       |    21 |    51 |     7 ||    79
